 Dungeon Crawl Stone Soup version 0.30-a0-368-g86fb4627a9 (webtiles) character file.

Game seed: 3987431988550146018

1715 gigafelon the Ruffian (level 8, -1/79 HPs)
             Began as a Troll Berserker on Nov 18, 2022.
             Was an Elder of Trog.
             Succumbed to a gnoll sergeant's poison
             ... on level 7 of the Dungeon on Nov 19, 2022.
             The game lasted 00:26:25 (4625 turns).

gigafelon the Ruffian (Troll Berserker)             Turns: 4625, Time: 00:26:26

Health: -1/79      AC: 15    Str: 28    XL:     8   Next: 74%
Magic:  7/7        EV: 10    Int:  3    God:    Trog [****..]
Gold:   410        SH:  0    Dex:  9    Spells: 7/7 levels left

rFire   . . .      SeeInvis +    b - +10 hand axe of the Conjuring Gods {speed, *Slow Fly SInv, I've got an erection}
rCold   . . .      Faith    .    (no shield)
rNeg    . . .      Spirit   .    s - +0 steam dragon scales
rPois   .          Reflect  .    (helmet restricted)
rElec   .          Harm     .    (no cloak)
rCorr   .          Rampage  .    (gloves unavailable)
Will    .....                    (boots unavailable)
Stlth   +.........               (no amulet)
HPRegen 1.13/turn                n - +4 ring of protection
MPRegen 0.10/turn                d - +4 ring of protection

@: mighty, lethally poisoned (-1 -> -18), flying
A: large, unfitting armour, claws 3, regeneration 1, shaggy fur 1, tough skin 1
a: Renounce Religion, Berserk, Trog's Hand, Brothers in Arms


You were on level 7 of the Dungeon.
You worshipped Trog.
Trog was greatly pleased with you.
You visited 1 branch of the dungeon, and saw 7 of its levels.

You collected 434 gold pieces.
You spent 24 gold pieces at shops.

Inventory:

Hand Weapons
 b - the +10 hand axe of the Conjuring Gods (weapon) {speed, *Slow Fly SInv, I've got an erection}
   (You found it on level 3 of the Dungeon)

   Attacks with this weapon are significantly faster.
   SInv:      It lets you see invisible.
   Fly:       It grants you flight.
   *Slow:     It may slow you when you take damage.
Missiles
 y - a throwing net (quivered)
Armour
 a - a +0 animal skin
 s - +0 steam dragon scales (worn)
 A - a +0 helmet
Jewellery
 d - a +4 ring of protection (right claw)
 n - a +4 ring of protection (left claw)
 u - a ring of poison resistance
Wands
 p - a wand of iceblast (3)
 q - a wand of paralysis (8)
Scrolls
 c - 3 scrolls of blinking
 e - a scroll of torment {unknown}
 g - 4 scrolls of poison
 l - 4 scrolls of identify
 o - a scroll of brand weapon
 r - a scroll of magic mapping {unknown}
 v - a scroll of enchant weapon
 w - a scroll of teleportation
 x - a scroll of summoning {unknown}
Potions
 h - 2 potions of berserk rage {unknown}
 i - 2 potions of haste {unknown}
 j - 2 potions of degeneration {unknown}
 k - 3 potions of curing {unknown}
 m - a potion of magic {unknown}
 t - a potion of brilliance {unknown}
 z - a potion of flight {unknown}


   Skills:
 + Level 4.4 Fighting
 + Level 5.8 Axes
 + Level 4.6 Dodging
 + Level 1.2 Stealth
 + Level 5.9 Unarmed Combat


You had 7 spell levels left.
You didn't know any spells.
Your spell library was empty.

Dungeon Overview and Level Annotations

Branches:
Dungeon (7/15)             Temple (0/1) D:6

Altars:
Elyvilon
Hepliaklqana
Makhleb
Trog
Uskayaw
Xom
Zin

Shops:
D:4 *


Innate Abilities, Weirdness & Mutations

You are too large for most types of armour.
You have claws for hands.
Your natural rate of healing is unusually fast.
You are covered in fur. (AC +1)
You have tough skin. (AC +1)


Message History

Items here: ))) †.
The gnoll sergeant attacks as you move away!
The gnoll sergeant hits you with a +0 spear of venom.
You are more poisoned.
The gnoll attacks as you move away! The gnoll completely misses you.
You feel extremely sick.
The gnoll sergeant hits you but does no damage.
You are more poisoned.
The gnoll hits you but does no damage.
You feel extremely sick. The gnoll sergeant closely misses you.
The gnoll hits you but does no damage.
There is an open door, spattered with blood here.
Items here: ))) †.
You slash the gnoll!
You kill the gnoll!
Trog accepts your kill.
You can now call in reinforcements.
You hit the gnoll sergeant but do no damage.
* * * LOW HITPOINT WARNING * * *
You feel very sick.
The gnoll sergeant hits you but does no damage.
You are lethally poisoned!
It was a potion of might.
You feel very mighty all of a sudden.
* * * LOW HITPOINT WARNING * * *
You feel extremely sick. The gnoll sergeant closely misses you.
* * * LOW HITPOINT WARNING * * *
You feel very sick.
The gnoll sergeant hits you but does no damage.
You are more poisoned.
Things that are here:
a +1 vorpal spear; a gnoll corpse You slash the gnoll sergeant!
The gnoll sergeant is heavily wounded.
* * * LOW HITPOINT WARNING * * *
You feel very sick.
The gnoll sergeant completely misses you.
The gnoll sergeant blocks your attack.
The gnoll sergeant is heavily wounded.
You die...

######......(.........
#........).......
#................
#................
#######................
#.......#####'####'####
#.....#........ ..
#.....#........ ...
#.....)@....... ..#
#.....#g..(....
#.....#...####.
#######...####.
#.............
#.............
#.............
#.............
#.............


You could see a gnoll sergeant.

Vanquished Creatures
  2 steam dragons (D:7)
  Edmund (D:6)
  An acid dragon (D:7)
  A water moccasin (D:5)
  An ice beast (D:4)
  A centaur (D:7)
  A phantom (D:4)
  A kobold brigand (D:7)
  3 necrophages
  A gnoll sergeant (D:7)
  A howler monkey (D:6)
  3 jellies
  An orc priest (D:6)
  A hound (D:5)
  2 iguanas (D:5)
  3 orc wizards
  5 adders
  8 gnolls (D:7)
  A shadow imp (D:6)
  A white imp (D:5)
  2 ufetubi (D:4)
  2 worms (D:3)
  3 dart slugs
  13 orcs
  6 ball pythons
  7 bats
  4 endoplasms
  3 giant cockroaches
  7 goblins
  5 hobgoblins
  2 jackals (D:3)
  2 quokkas (D:1)
  A frilled lizard (D:1)
  11 kobolds
  6 rats
113 creatures vanquished.

Vanquished Creatures (others)
  32 plants
32 creatures vanquished.

Grand Total: 145 creatures vanquished

Notes
Turn   | Place    | Note
-------+----------+-------------------------------------------
     0 | D:1      | gigafelon the Troll Berserker began the quest for the Orb.
     0 | D:1      | Reached XP level 1. HP: 22/22 MP: 0/0
    64 | D:1      | Reached XP level 2. HP: 29/29 MP: 1/1
   271 | D:1      | Reached XP level 3. HP: 36/36 MP: 2/2
   393 | D:1      | Reached ** piety under Trog
   989 | D:2      | You fall into a shaft and drop 1 floor!
  1417 | D:3      | Found a hide-covered altar of Uskayaw.
  1439 | D:3      | Reached XP level 4. HP: 44/44 MP: 3/3
  1587 | D:3      | Identified the +10 hand axe of the Conjuring Gods {speed,
                  | *Slow Fly SInv}
  2011 | D:4      | Noticed a phantom
  2019 | D:4      | Killed a phantom
  2020 | D:4      | Reached XP level 5. HP: 49/53 MP: 4/4
  2063 | D:4      | Noticed an ice beast
  2070 | D:4      | Killed an ice beast
  2071 | D:4      | Reached skill level 5 in Unarmed Combat
  2108 | D:4      | Reached XP level 6. HP: 61/61 MP: 5/5
  2120 | D:4      | Found a white marble altar of Elyvilon.
  2352 | D:4      | Reached skill level 1 in Axes
  2421 | D:4      | Found Qeoni's Assorted Antiques.
  2435 | D:4      | Bought a scroll labelled MAALOTEOLOXT for 24 gold pieces
  2627 | D:5      | Entered Level 5 of the Dungeon
  2635 | D:5      | Found a hazy altar of Hepliaklqana.
  2784 | D:5      | Noticed a water moccasin
  2802 | D:5      | Killed a water moccasin
  2843 | D:5      | Found a burning altar of Makhleb.
  2876 | D:5      | Found a glowing silver altar of Zin.
  2949 | D:5      | Reached XP level 7. HP: 64/67 MP: 6/6
  2977 | D:5      | Found a bloodstained altar of Trog.
  3618 | D:6      | Reached *** piety under Trog
  3704 | D:6      | Noticed Edmund
  3720 | D:6      | Killed Edmund
  3890 | D:6      | Found a staircase to the Ecumenical Temple.
  4084 | D:7      | Noticed a steam dragon
  4095 | D:7      | Killed a steam dragon
  4096 | D:7      | Reached skill level 1 in Stealth
  4096 | D:7      | Reached XP level 8. HP: 55/78 MP: 7/7
  4244 | D:7      | Reached skill level 5 in Axes
  4415 | D:7      | Found a shimmering altar of Xom.
  4621 | D:7      | Reached **** piety under Trog
  4625 | D:7      | Succumbed to a gnoll sergeant's poison

Illustrated notes

Levels and vault maps discovered:
D:1:      dpeg_arrival_fog, layout_rooms
D:2:      layout_loops_corners, serial_bayou, serial_bayou_lagoon_b,
          serial_bayou_crossing, serial_bayou_pond_c, serial_bayou_lagoon_a,
          kennysheep_another_room, uniq_natasha
D:3:      layout_basic, mainiacjoe_overflow_cross_hatched,
          kennysheep_minor_cross, hangedman_decor_push, st_stairs_5
D:4:      layout_cave_pools, lemuel_tele_altar, serial_park, serial_park_gazebo
          [serial_park_minivault_5x5_1], serial_park_fountain,
          serial_park_tiny_2, serial_shops, kennysheep_little_box
D:5:      layout_loops_ring, mainiacjoe_overflow_catwalk,
          nicolae_hepliaklqana_hazy_memory, nicolae_overflow_hidden_temple,
          makhleb_blood_cavern_becter, kennysheep_generic_room_13
D:6:      layout_loops_cross, minmay_temple_entry_waves, uniq_edmund
D:7:      layout_gridville, mainiacjoe_overflow_boulevard, serial_shops, shop

Skill      XL: |  1  2  3  4  5  6  7  8 |
---------------+-------------------------+-----
Dodging        | 3 4 |  4.6
Unarmed Combat | 4 5 |  5.9
Fighting       | 3 4 |  4.4
Axes           | 2 4 5 |  5.8
Stealth        | 1 |  1.2

Action                   |  1- 3 |  4- 6 |  7- 9 || total
-------------------------+-------+-------+-------++-------
Melee: Unarmed           |   118 |    18 |       ||   136
       Punch             |     3 |       |     6 ||     9
       Hand axe          |       |    74 |   109 ||   183
Invok: Berserk           |       |     1 |       ||     1
  Use: Scroll            |       |     9 |     1 ||    10
       Potion            |       |       |     3 ||     3
 Stab: Sleeping          |       |     1 |       ||     1
Armor: Animal skin       |    49 |    25 |    23 ||    97
       Steam dragon scal |       |       |    63 ||    63
Dodge: Dodged            |    91 |    44 |    75 ||   210

Table legend: (Time is in decaauts)
 A = Elapsed time spent in this place.
 B = Non-inter-level travel time spent in this place.
 C = Inter-level travel time spent in this place.
 D = Time resting spent in this place.
 E = Time spent auto-exploring this place.
 F = Levels seen in this place.
 G = Mean time per level.
                   A        B        C        D        E       F      G
               +--------+--------+--------+--------+--------+-----+--------+
         Total |   4596 |   4552 |     44 |      0 |   2800 |   7 |  656.6 |
       Dungeon |   4596 |   4552 |     44 |      0 |   2800 |   7 |  656.6 |
               +--------+--------+--------+--------+--------+-----+--------+

Top non-repeatable levels by time:
     D:3: 974 daAuts
     D:5: 810 daAuts
     D:4: 666 daAuts
     D:1: 650 daAuts
     D:6: 626 daAuts
     D:7: 522 daAuts
     D:2: 345 daAuts
